 Dungeon Crawl Stone Soup version 0.29-a0-80-g3050e97935 (webtiles) character file.

Game seed: 1392106319668016099

495 Gargoyl the Skirmisher (level 7, -8/60 HPs)
             Began as a Ghoul Abyssal Knight on Feb 4, 2022.
             Was a Believer of Lugonu.
             Mangled by an ogre (17 damage)
             ... on level 6 of the Dungeon.
             The game lasted 00:06:08 (5603 turns).

Gargoyl the Skirmisher (Ghoul Abyssal Knight)       Turns: 5603, Time: 00:06:09

Health: -8/60      AC: 10    Str: 19    XL:     7   Next: 15%
Magic:  8/8        EV:  8    Int:  5    God:    Lugonu [**....]
Gold:   204        SH:  5    Dex:  9    Spells: 6/6 levels left

rFire   . . .      SeeInvis .   j - +0 short sword (venom)
rCold   + . .      Faith    .   (no shield)
rNeg    + + +      Spirit   .   h - +0 chain mail
rPois   ∞          Reflect  +   (no helmet)
rElec   .          Harm     .   b - +0 cloak
rCorr   .          Rampage  .   (no gloves)
Will    .....                   (no boots)
Stlth   ..........              r - amulet of reflection
HPRegen 0.00/turn               (no ring)
MPRegen 0.11/turn               (no ring)

@: inhibited regen
A: claws 1, cold resistance 1, negative energy resistance 3, inhibited
regeneration, torment resistance 2
a: Renounce Religion, Depart the Abyss, Bend Space


You were on level 6 of the Dungeon.
You worshipped Lugonu.
Lugonu was pleased with you.
You visited 1 branch of the dungeon, and saw 6 of its levels.
You visited the Abyss 1 time.

You collected 204 gold pieces.

Inventory:

Hand Weapons
 a - a +1 hand axe
 j - a +0 short sword of venom (weapon)
Armour
 b - a +0 cloak (worn)
 h - a +0 chain mail (worn)
Jewellery
 r - an amulet of reflection (around neck)
Scrolls
 d - a scroll of immolation {unknown}
 f - 3 scrolls of identify
 i - 2 scrolls of enchant armour
 m - a scroll of blinking {unknown}
 n - a scroll of silence {unknown}
 o - a scroll of teleportation
Potions
 c - 2 potions of curing
 g - 2 potions of heal wounds {unknown}
 k - a potion of berserk rage {unknown}
 l - a potion of invisibility {unknown}
 p - a potion of brilliance {unknown}
 q - a potion of resistance {unknown}
 s - a potion of degeneration {unknown}
 t - a potion of flight {unknown}


   Skills:
 + Level 4.4 Fighting
 + Level 2.2 Short Blades
 * Level 2.7 Axes
 * Level 3.8 Armour
 * Level 2.4 Dodging
 * Level 2.0 Stealth
 * Level 3.3 Invocations


You had 6 spell levels left.
You didn't know any spells.
Your spell library contained the following spells:

 Spells                   Type           Power      Damage    Failure   Level
 Shock                    Conj/Air       0%         1d3       99%         1
 Summon Small Mammal      Summ           0%         N/A       99%         1
 Ensorcelled Hibernation  Hex/Ice        0%         N/A       100%        2
 Call Canine Familiar     Summ           0%         N/A       100%        3
 Gell's Gravitas          Tloc           0%         N/A       100%        3
 Lesser Beckoning         Tloc           0%         N/A       100%        3
 Summon Guardian Golem    Hex/Summ       0%         N/A       100%        3
 Swiftness                Air            0%         N/A       100%        3
 Teleport Other           Tloc           0%         N/A       100%        3
 Airstrike                Air            0%         N/A       100%        4
 Anguish                  Hex/Necr       0%         N/A       100%        4
 Leda's Liquefaction      Hex/Erth       0%         N/A       100%        4
 Lee's Rapid Deconstruct  Erth           0%         3d5*      100%        5
 Spider Form              Tmut/Pois      Unusable   N/A       N/A         3
 Statue Form              Tmut/Erth      Unusable   N/A       N/A         6

Dungeon Overview and Level Annotations

Branches:
Dungeon (5/15)             Temple (0/1) D:4

Altars:
Fedhas
Trog
Vehumet


Innate Abilities, Weirdness & Mutations

You thrive by killing the living.
You are immune to poison.
You have sharp fingernails.
Your flesh is cold resistant. (rC+)
You are immune to negative energy. (rN+++)
You do not regenerate when monsters are visible.
You are immune to unholy pain and torment.


Message History

Press: ? - help, Q - select action, (/) - cycle Shift-Dir - straight line, f/p - ogre
Aim: an ogre, wielding a +0 giant club (72% to hit)
You throw a poisoned dart.
The poisoned dart barely misses the ogre.
Unknown command.
Throw: 2 darts (poison)
Press: ? - help, Q - select action, (/) - cycle Shift-Dir - straight line, f/p - ogre
Aim: an ogre, wielding a +0 giant club (72% to hit)
You throw a poisoned dart. The poisoned dart hits the ogre.
The ogre is poisoned.
Unknown command.
Throw: dart (poison)
Press: ? - help, Q - select action, (/) - cycle Shift-Dir - straight line, f/p - ogre
Aim: an ogre, wielding a +0 giant club (poisoned, 72% to hit)
You throw a poisoned dart. The poisoned dart hits the ogre.
The ogre looks even sicker.
Unknown command.
You completely miss the ogre. The ogre barely misses you.
You hit the ogre.
The ogre is lightly wounded.
You block the ogre's attack.
You closely miss the ogre.
The ogre is lightly wounded.
The ogre barely misses you.
You hit the ogre.
The ogre looks as sick as possible!
The ogre is moderately wounded.
You hit the ogre.
The ogre is heavily wounded.
The ogre hits you with a +0 giant club!
You barely miss the ogre.
The ogre is severely wounded.
The ogre hits you with a +0 giant club!!
You hit the ogre but do no damage.
The ogre looks as sick as possible!
The ogre is severely wounded.
The ogre hits you with a +0 giant club!
* * * LOW HITPOINT WARNING * * *
You hit the ogre.
The ogre looks as sick as possible!
The ogre is almost dead.
The ogre hits you with a +0 giant club!
You die...

..### # #....#
. ##. .....##
(.#.. ......#
(.(... .......
...(..##.......
...............
......O@.......
...............
#.#......##....
#....... ...
.......... .
..###....... .
.........
.....#.....


You could see an ogre (extremely poisoned).

Vanquished Creatures
  A necrophage (D:5)
  A centaur zombie (D:5)
  A hound (D:5)
  A jelly (D:5)
  Crazy Yiuf (D:3)
  A bullfrog skeleton (D:4)
  2 iguanas (D:5)
  2 hound zombies (D:5)
  A hound skeleton (D:4)
  3 adders
  7 gnolls
  2 dart slugs (D:3)
  7 orcs
  3 ball pythons
  An endoplasm (D:4)
  4 giant cockroaches
  2 goblins
  3 hobgoblins
  10 jackals
  5 quokkas
  4 bats
  6 kobolds
  A rat (D:1)
69 creatures vanquished.

Notes
Turn   | Place    | Note
-------+----------+-------------------------------------------
     0 | Abyss:1  | Gargoyl the Ghoul Abyssal Knight began the quest for the
                  | Orb.
     0 | Abyss:1  | Reached XP level 1. HP: 19/19 MP: 1/1
    57 | Abyss:1  | Noticed a tentacled starspawn
    58 | D:1      | Escaped the Abyss
   307 | D:1      | Reached * piety under Lugonu
   421 | D:1      | Found a faded altar of an unknown god.
   433 | D:1      | Reached XP level 2. HP: 16/26 MP: 2/2
  1116 | D:2      | Found a radiant altar of Vehumet.
  1152 | D:1      | Reached skill level 1 in Dodging
  1481 | D:2      | Identified the +2 leather armour of Pride {-Tele rElec rN+
                  | rCorr}
  1516 | D:2      | Reached XP level 3. HP: 31/33 MP: 3/3
  2201 | D:3      | Reached XP level 4. HP: 19/40 MP: 4/4
  2776 | D:3      | Reached skill level 4 in Fighting
  2776 | D:3      | Reached skill level 1 in Short Blades
  2811 | D:3      | Found a blossoming altar of Fedhas.
  2881 | D:3      | Found a bloodstained altar of Trog.
  2905 | D:3      | Reached XP level 5. HP: 41/46 MP: 5/5
  2906 | D:3      | Reached ** piety under Lugonu
  3021 | D:3      | Found a runed translucent door.
  3022 | D:3      | Noticed Crazy Yiuf
  3376 | D:3      | Killed Crazy Yiuf
  3568 | D:4      | Reached skill level 1 in Stealth
  4358 | D:4      | Found a staircase to the Ecumenical Temple.
  4560 | D:4      | Reached XP level 6. HP: 47/52 MP: 7/7
  4861 | D:5      | Entered Level 5 of the Dungeon
  4922 | D:5      | Noticed a necrophage
  4947 | D:5      | Killed a necrophage
  5340 | D:5      | Reached XP level 7. HP: 55/59 MP: 8/8
  5588 | D:5      | You fall into a shaft and drop 1 floor!
  5603 | D:6      | Mangled by an ogre

Illustrated notes

Levels and vault maps discovered:
D:1:      minmay_arrival_four_loops, layout_basic,
          shapermc_ecumenical_altar_totnotflames, minmay_tiny_reverse_x
D:2:      layout_loops_ring, basic_altar
D:3:      layout_basic, fedhas_altar_2, lemuel_crystal_altar,
          uniq_crazy_yiuf_cottage
D:4:      layout_cave_pods, minmay_temple_entry_fiery
D:5:      minmay_clustersquares, layout_loops_cross
D:6:      layout_cave_pools, nicolae_hepliaklqana_hippocampus, uniq_maggie,
          uniq_sigmund

Skill      XL: |  1  2  3  4  5  6 |
---------------+-------------------+-----
Dodging        | 1 2 |  2.4
Axes           | 2 |  2.7
Armour         | 2 3 |  3.8
Fighting       | 4 |  4.4
Short Blades   | 1 2 |  2.2
Stealth        | 1 2 |  2.0
Invocations    | 3 |  3.3

Action                   |  1- 3 |  4- 6 |  7- 9 || total
-------------------------+-------+-------+-------++-------
Melee: Hand axe          |    23 |    17 |       ||    40
       Short sword       |    63 |   177 |    33 ||   273
       Punch             |     1 |     2 |       ||     3
Throw: Dart              |       |       |     4 ||     4
Invok: Depart the Abyss  |     1 |       |       ||     1
       Bend Space        |       |     1 |       ||     1
  Use: Scroll            |     6 |       |       ||     6
Armor: Leather armour    |    20 |       |       ||    20
       Chain mail        |    29 |   157 |    10 ||   196
Dodge: Dodged            |    54 |    94 |    12 ||   160
Block: Other             |       |       |     3 ||     3

Table legend: (Time is in decaauts)
 A = Elapsed time spent in this place.
 B = Non-inter-level travel time spent in this place.
 C = Inter-level travel time spent in this place.
 D = Time resting spent in this place.
 E = Time spent auto-exploring this place.
 F = Levels seen in this place.
 G = Mean time per level.
                   A        B        C        D        E       F      G
               +--------+--------+--------+--------+--------+-----+--------+
         Total |   5627 |   5514 |    113 |    783 |   3898 |   7 |  803.9 |
       Dungeon |   5569 |   5456 |    113 |    783 |   3842 |   6 |  928.2 |
         Abyss |     58 |     58 |      0 |      0 |     56 |   1 |   58.0 |
               +--------+--------+--------+--------+--------+-----+--------+

Top non-repeatable levels by time:
     D:3: 1703 daAuts
     D:1: 1106 daAuts
     D:2: 1078 daAuts
     D:4: 937 daAuts
     D:5: 728 daAuts
 Abyss:1: 58 daAuts
     D:6: 14 daAuts
